 Dungeon Crawl Stone Soup version 0.28-a0-1033-g1a2f33fa85 (webtiles) character file.

Game seed: 13828909175146757749

204225 vineage the Slayer (level 18, -3/190 HPs)
             Began as a Minotaur Fighter on Dec 7, 2021.
             Was the Champion of Okawaru.
             Slain by a merfolk impaler (12 damage)
             ... on level 4 of the Shoals.
             The game lasted 00:51:00 (42020 turns).

vineage the Slayer (Minotaur Fighter)              Turns: 42020, Time: 00:51:01

Health: -3/190     AC: 43    Str: 23    XL:     18   Next: 0%
Magic:  17/22      EV: 24    Int:  5    God:    Okawaru [******]
Gold:   4213       SH: 13    Dex: 28    Spells: 17/17 levels left

rFire   . . .      SeeInvis +   w - +7 demon whip of Wariness {pain, rC+}
rCold   + + .      Faith    .   x - +3 buckler of Wisdom {Dex+4}
rNeg    . . .      Spirit   .   P - +15 Maxwell's patent armour {-Cast -Tele rElec Will+ rCorr}
rPois   +          Reflect  .   L - +2 hat {Stlth+}
rElec   +          Harm     .   Y - +1 cloak {rC+}
rCorr   +          Rampage  .   U - +0 pair of gloves {Dex+3}
Will    ++...      NoTele   +   e - +2 pair of boots
Stlth   .......... NoCast   +   (no amulet)
HPRegen 0.41/turn               m - ring of Vedel {rElec rCorr Dex+3 SInv}
MPRegen 0.18/turn               D - ring of Fixt {rPois rCorr EV+4 Dex+2}

@: mighty, lethally poisoned (-3 -> -8), heroic, finesse-ful, mesmerised,
hasted, studying Summonings, very quick
A: horns 2, retaliatory headbutt
}: 1/15 runes: gossamer
a: Renounce Religion, Heroism, Finesse, Duel


You were on level 4 of the Shoals.
You worshipped Okawaru.
Okawaru was exalted by your worship.
You visited 6 branches of the dungeon, and saw 32 of its levels.
You also visited: Ice Cave.

You collected 4941 gold pieces.
You spent 728 gold pieces at shops.

Inventory:

Hand Weapons
 w - the +7 demon whip of Wariness (weapon) {pain, rC+}
   (Okawaru gifted it to you on level 3 of the Lair of Beasts)

   In the hands of one skilled in necromantic magic, it inflicts extra damage on
   living creatures.
   rC:        It protects you from cold.
Missiles
 u - 5 throwing nets (quivered)
Armour
 e - a +2 pair of boots (worn)
 j - the +7 plate armour of Submission {rElec rN+}
   (Okawaru gifted it to you on level 2 of the Orcish Mines)

   rElec:     It insulates you from electricity.
   rN:        It protects you from negative energy.
 x - the +3 buckler of Wisdom (worn) {Dex+4}
   (You acquired it on level 1 of the Spider Nest)

   Dex:       It affects your dexterity (+4).
 L - a +2 hat of stealth (worn)
 P - the +15 Maxwell's patent armour (worn) {-Cast -Tele rElec Will+ rCorr}
   (You found it on level 2 of the Lair of Beasts)

   rElec:     It insulates you from electricity.
   -Cast:     It prevents spellcasting.
   -Tele:     It prevents most forms of teleportation.
   rCorr:     It protects you from acid and corrosion.
   Will:      It increases your willpower.
 S - a +0 tower shield
 U - a +0 pair of gloves of dexterity (worn)
 Y - a +1 cloak of cold resistance (worn)
Jewellery
 c - a +4 ring of protection
 m - the ring of Vedel (left hand) {rElec rCorr Dex+3 SInv}
   (You bought it in a shop on level 2 of the Orcish Mines)

   [ring of resist corrosion]

   Dex:       It affects your dexterity (+3).
   rElec:     It insulates you from electricity.
   SInv:      It lets you see invisible.
   rCorr:     It protects you from acid and corrosion.
 y - a ring of willpower
 C - a +6 ring of strength
 D - the ring of Fixt (right hand) {rPois rCorr EV+4 Dex+2}
   (You bought it in a shop on level 2 of the Orcish Mines)

   [ring of evasion]

   EV:        It affects your evasion (+4).
   Dex:       It affects your dexterity (+2).
   rPois:     It protects you from poison.
   rCorr:     It protects you from acid and corrosion.
 H - a ring of willpower
 J - a ring of fire
 Q - a ring of see invisible
 T - the ring "Goclem Pesecw" {Fire Str+2}
   (You found it on level 5 of the Lair of Beasts)

   [ring of fire]

   It enhances your fire magic.
   Str:       It affects your strength (+2).
   rF:        It protects you from fire.
   rC:        It makes you vulnerable to cold.
 W - a ring of poison resistance
 X - a ring of positive energy
 Z - a ring of resist corrosion
Wands
 k - a wand of mindburst (18)
 z - a wand of flame (6)
 E - a wand of digging (16)
 V - a wand of paralysis (5)
Scrolls
 b - 13 scrolls of identify
 i - 14 scrolls of teleportation
 q - 4 scrolls of amnesia
 r - a scroll of blinking
 s - 3 scrolls of fog
 v - 6 scrolls of fear
 A - a scroll of brand weapon
 G - 3 scrolls of enchant weapon
 N - 3 scrolls of magic mapping
 R - a scroll of enchant armour
Potions
 a - 4 potions of magic
 d - 6 potions of might
 f - 7 potions of curing
 g - 5 potions of ambrosia
 h - 3 potions of attraction
 l - 4 potions of lignification
 n - 5 potions of haste
 o - 6 potions of flight
 p - 2 potions of invisibility
 t - a potion of berserk rage
 I - 2 potions of resistance
 K - 4 potions of brilliance
 M - a potion of mutation
 O - 2 potions of cancellation


   Skills:
 + Level 23.8(27) Fighting
 + Level 21.4(26.4) Maces & Flails
 - Level 13.1(18.1) Armour
 - Level 11.5(16.5) Dodging
 - Level 13.0(18.0) Shields
 - Level 7.1 Invocations


You had 17 spell levels left.
You didn't know any spells.
Your spell library contained the following spells:

 Spells                   Type           Power      Damage    Failure   Level
 Apportation              Tloc           0%         N/A       98%         1
 Pain                     Necr           0%         1d4       98%         1
 Blink                    Tloc           0%         N/A       99%         2
 Corpse Rot               Necr/Air       0%         N/A       99%         2
 Sublimation of Blood     Necr           0%         N/A       99%         2
 Wereblood                Tmut           0%         N/A       99%         2
 Conjure Flame            Conj/Fire      0%         6-21      100%        3
 Ignite Poison            Fire/Tmut/Pois 0%         N/A       100%        3
 Lesser Beckoning         Tloc           0%         N/A       100%        3
 Ozocubu's Armour         Ice            0%         N/A       100%        3
 Vampiric Draining        Necr           0%         2d6       100%        3
 Dispel Undead            Necr           0%         3d6       100%        4
 Passage of Golubria      Tloc           0%         N/A       100%        4
 Sticky Flame             Conj/Fire      0%         2d3       100%        4
 Alistair's Intoxication  Tmut/Pois      0%         N/A       100%        5
 Blade Hands              Tmut           0%         N/A       100%        5
 Borgnjor's Vile Clutch   Necr/Erth      0%         N/A       100%        5
 Freezing Cloud           Conj/Ice/Air   0%         6-21      100%        5
 Irradiate                Conj/Tmut      0%         3d14      100%        5
 Manifold Assault         Tloc           0%         N/A       100%        5
 Yara's Violent Unravell  Hex/Tmut       0%         3d3       100%        5
 Dragon Form              Tmut           0%         N/A       100%        7
 Ozocubu's Refrigeration  Ice            0%         4d5       100%        7
 Polar Vortex             Ice            0%         N/A       100%        9
 Animate Skeleton         Necr           Unusable   N/A       N/A         1
 Tukima's Dance           Hex            Unusable   N/A       N/A         3
 Animate Dead             Necr           Unusable   N/A       N/A         4
 Death Channel            Necr           Unusable   N/A       N/A         6
 Simulacrum               Ice/Necr       Unusable   N/A       N/A         6
 Summon Hydra             Summ           Unusable   N/A       N/A         7

Dungeon Overview and Level Annotations

Branches:
Dungeon (15/15)            Temple (1/1) D:7            Lair (6/6) D:8
 Shoals (4/4) Lair:4       Spider (4/4) Lair:2        Slime (0/5) Lair:6
    Orc (2/2) D:12            Elf (0/3) Orc:2        Vaults (0/5) D:14
 Depths (0/4) D:15          IceCv (visited)

Altars:
Ashenzari
Cheibriados
Dithmenos
Elyvilon
Fedhas
Gozag
Hepliaklqana
Kikubaaqudgha
Makhleb
Nemelex Xobeh
Okawaru
Qazlal
Ru
Sif Muna
Trog
Uskayaw
Vehumet
Wu Jian
Xom
Yredelemnul
Zin
The Shining One
Beogh

Shops:
D:3 *   D:9 !   Orc:1 [   Orc:2 =([*

Annotations:
D:11 exclusion: 3 oklob plants
D:14 Roxanne


Innate Abilities, Weirdness & Mutations

You have a pair of horns on your head.
You reflexively headbutt those who attack you in melee.


Message History

The javelin pierces through you but does no damage.
The merfolk avatar chants its luring song.
The merfolk hits you but does no damage.
The merfolk siren is engulfed in a cloud of scalding steam.
The merfolk siren chants a haunting song.
You resist with almost no effort.
The merfolk impaler completely misses you.
Okay, then.
You feel better.
The centaur shoots an arrow.
You block the arrow.
The merfolk impaler hits you but does no damage.
You are poisoned.
The centaur shoots an arrow.
You block the arrow.
The merfolk avatar chants its luring song.
The merfolk closely misses you.
The merfolk siren chants a haunting song.
You resist with almost no effort.
You feel yourself speed up.
You feel very sick. You block the merfolk impaler's attack.
The merfolk javelineer throws a javelin.
The javelin pierces through you.
* * * LOW HITPOINT WARNING * * *
The merfolk impaler hits you from afar with a +3 trident of venom!
* * * LOW HITPOINT WARNING * * *
The merfolk avatar chants its luring song.
The merfolk completely misses you.
You feel very mighty all of a sudden.
You feel sick.
The merfolk aquamancer hits you but does no damage.
You block the merfolk impaler's attack.
You whack the centaur!
The centaur is severely wounded.
You block the merfolk javelineer's attack.
The merfolk avatar chants its luring song.
The centaur unwields a +0 shortbow.
You block the centaur's attack. The centaur closely misses you.
The merfolk hits you from afar with a +0 trident.
* * * LOW HITPOINT WARNING * * *
The merfolk impaler hits you from afar with a +3 trident of venom!
You die...

≈≈≈≈........≈≈#≈≈#
≈≈≈≈≈..........#C≈ #≈
≈≈≈≈≈..........m######≈≈
≈≈≈≈.#..........≈≈≈≈≈≈≈≈
≈≈≈≈.#..........≈≈≈≈≈≈≈≈
≈≈≈..#..........≈≈≈≈≈≈≈≈
≈≈≈..#........mm.≈≈≈≈≈≈≈
≈≈≈..##.....))m.).≈≈≈≈≈≈
≈≈..###.....mmmc@.≈≈≈≈≈≈
≈≈..###.......m)m≈≈≈≈≈≈≈
≈≈≈.....)########.≈≈≈≈≈≈
≈≈≈≈≈..........# .≈≈≈≈≈≈
≈≈≈........##### #≈≈≈≈≈≈
.....≈≈≈≈≈## #≈≈≈≈≈
.....≈≈≈≈## #≈≈≈≈
.....≈≈≈m# ≈≈≈≈
≈....≈...#


You could see a merfolk avatar (mesmerising), 2 merfolk impalers, 2 merfolk
javelineers, a merfolk aquamancer, 2 merfolk, a merfolk siren and a centaur.

Vanquished Creatures
  Saint Roka (Orc:2)
  Nikola (Shoals:4)
  Polyphemus (Shoals:2)
  Agnes (D:15)
  Gastronok (Lair:1)
  Kirke (Spider:3)
  A fire giant (D:15)
  The ghost of mcbry74 the Grappler, a journeyman TrMo of Nemelex Xobeh (Orc:2)
  4 ghost moths
  2 orc warlords
  5 emperor scorpions
  A reaper (IceCv)
  The ghost of Athor the Sharpshooter, a journeyman DDFi of Makhleb (Lair:5)
  An elemental wellspring (Shoals:2)
  4 entropy weavers
  2 spark wasps
  Snorg (D:12)
  2 merfolk javelineers
  2 merfolk impalers (Shoals:1)
  A fire dragon (Lair:6)
  A vault guard (D:14)
  4 boulder beetles
  A merfolk avatar (Shoals:1)
  9 hydras
  A two-headed ogre (D:11)
  2 alligator snapping turtles
  A catoblepas (Shoals:2)
  Erica (D:10)
  A merfolk aquamancer (Shoals:1)
  4 centaur warriors
  18 death yaks
  A tengu warrior (D:15)
  3 orc high priests (Orc:2)
  Nergalle (D:10)
  A fire crab (Lair:6)
  6 sea snakes
  A wizard (D:14)
  3 necromancers (D:14)
  6 orc knights
  A deep elf pyromancer (D:13)
  20 orb spiders
  5 ugly things (D:15)
  26 wolf spiders
  3 harpies (Shoals:2)
  12 manticores
  8 fauns
  6 orc sorcerers
  11 cyclopes
  Joseph (D:10)
  A guardian serpent (shapeshifter) (D:14)
  5 moths of wrath
  An ice statue (IceCv)
  2 water nymphs
  5 merfolk sirens
  16 elephants
  A torpor snail (Spider:3)
  3 molten gargoyles (Lair:6)
  10 black mambas
  A gargoyle (D:12)
  9 cane toads
  19 demonic crawlers
  11 komodo dragons
  3 anaconda simulacra (IceCv)
  12 rime drakes
  An entropy weaver simulacrum (IceCv)
  An ice devil (IceCv)
  A queen bee (shapeshifter) (D:13)
  16 merfolk
  5 wind drakes
  50 jumping spiders
  3 trolls
  6 hornets
  2 slime creatures (D:13)
  10 blink frogs
  14 dream sheep
  10 snapping turtles
  99 redbacks
  9 wyverns
  2 vampires
  21 yaks
  A yak (shapeshifter) (D:13)
  2 water elementals
  A hog (Spider:3)
  41 tarantellas
  2 wraiths (D:12)
  A tarantella (shapeshifter) (D:14)
  22 humans
  A human (shapeshifter) (D:15)
  8 vampire mosquitoes
  Grum (D:8)
  12 basilisks
  2 steam dragons (Lair:6)
  3 death yak simulacra (IceCv)
  2 harpy simulacra (IceCv)
  6 wargs
  9 water moccasins
  A floating eye (D:11)
  3 hydra simulacra (Lair:5)
  5 hell hounds
  A sky beast (D:7)
  17 ogres
  47 orc warriors
  2 black mamba simulacra (Lair:5)
  12 wolves
  12 centaurs
  A phantom (D:4)
  2 kobold brigands
  2 scorpions (D:5)
  9 bullfrogs
  2 gnoll sergeants
  2 cane toad simulacra
  A wyvern zombie (D:6)
  7 two-headed ogre simulacra (IceCv)
  A water moccasin zombie (D:5)
  A water moccasin skeleton (D:5)
  5 killer bees (D:9)
  9 wights
  3 howler monkeys
  5 lava snakes (Lair:6)
  5 centaur zombies
  A komodo dragon simulacrum (Lair:5)
  2 centaur skeletons (D:7)
  17 jellies
  24 orc priests
  A bullfrog skeleton (D:5)
  4 gnoll shamans
  5 hounds
  7 hell rats (Lair:5)
  2 iguanas
  27 orc wizards
  10 spriggan simulacra (IceCv)
  A polar bear simulacrum (IceCv)
  5 troll simulacra (IceCv)
  5 killer bee zombies (D:8)
  3 wolf simulacra (IceCv)
  A hound skeleton (D:4)
  A howler monkey zombie (D:7)
  A howler monkey skeleton (D:5)
  22 gnolls
  4 adders
  5 naga simulacra (IceCv)
  7 white imps
  5 ufetubi
  A worm (D:5)
  2 dart slugs
  147 orcs
  3 bats
  7 endoplasms
  7 giant cockroaches
  6 goblins
  5 hobgoblins
  6 jackals (D:5)
  16 kobolds
  2 quokkas
  5 ball pythons
  3 frilled lizards
  4 rats
  A bush (D:11)
1185 creatures vanquished.

Vanquished Creatures (others)
  23 fungi
  57 plants
80 creatures vanquished.

Grand Total: 1265 creatures vanquished

Notes
Turn   | Place    | Note
-------+----------+-------------------------------------------
     0 | D:1      | vineage the Minotaur Fighter began the quest for the Orb.
     0 | D:1      | Reached XP level 1. HP: 19/19 MP: 0/0
   173 | D:1      | Reached skill level 4 in Fighting
   217 | D:1      | Reached XP level 2. HP: 28/28 MP: 1/1
   531 | D:1      | Reached skill level 5 in Fighting
   575 | D:1      | Found a faded altar of an unknown god.
   692 | D:2      | Reached XP level 3. HP: 31/36 MP: 2/2
  1509 | D:3      | Reached skill level 6 in Fighting
  1509 | D:3      | Reached XP level 4. HP: 44/44 MP: 3/3
  1581 | D:3      | Found Buxkean's General Store.
  2006 | D:4      | Noticed a phantom
  2007 | D:4      | Found a sparkling altar of Nemelex Xobeh.
  2010 | D:4      | Killed a phantom
  2011 | D:4      | Reached skill level 7 in Fighting
  2011 | D:4      | Reached XP level 5. HP: 42/52 MP: 4/4
  2620 | D:5      | Entered Level 5 of the Dungeon
  2639 | D:5      | Identified a scroll of acquirement
  2639 | D:5      | Acquired 1093 gold pieces
  2712 | D:5      | Found a shadowy altar of Dithmenos.
  2755 | D:5      | Reached skill level 8 in Fighting
  2755 | D:5      | Reached XP level 6. HP: 57/62 MP: 5/5
  2844 | D:5      | Reached skill level 9 in Fighting
  3034 | D:5      | Reached XP level 7. HP: 71/71 MP: 6/6
  3079 | D:5      | Reached skill level 10 in Fighting
  3899 | D:6      | Reached skill level 11 in Fighting
  4404 | D:6      | Reached XP level 8. HP: 66/83 MP: 7/7
  4494 | D:6      | Found a hazy altar of Hepliaklqana.
  4508 | D:6      | Found an ancient bone altar of Kikubaaqudgha.
  4543 | D:6      | Found a blossoming altar of Fedhas.
  4543 | D:6      | Found a bloodstained altar of Trog.
  4543 | D:6      | Found a stormy altar of Qazlal.
  4544 | D:6      | Found a hide-covered altar of Uskayaw.
  4548 | D:6      | Found a broken altar of Ashenzari.
  4603 | D:6      | Reached skill level 12 in Fighting
  5231 | D:7      | Reached skill level 13 in Fighting
  5598 | D:7      | Found a staircase to the Ecumenical Temple.
  5621 | Temple   | Entered the Ecumenical Temple
  5743 | Temple   | Became a worshipper of Warmaster Okawaru
  6000 | D:7      | Reached skill level 14 in Fighting
  6073 | D:7      | Found the +4 robe of Augmentation {Str+4 Int+4 Dex+4}
  6244 | D:7      | Reached XP level 9. HP: 95/95 MP: 8/8
  6575 | D:7      | Reached * piety under Okawaru
  6876 | D:8      | Noticed Grum
  6907 | D:8      | Reached skill level 15 in Fighting
  7637 | D:7      | Reached skill level 16 in Fighting
  8058 | D:8      | Reached ** piety under Okawaru
  8176 | D:8      | Reached skill level 17 in Fighting
  8179 | D:8      | Reached XP level 10. HP: 56/111 MP: 9/9
  8336 | D:8      | Reached skill level 1 in Dodging
  8465 | D:8      | Found a basalt altar of Yredelemnul.
  9237 | D:8      | Killed Grum
  9297 | D:8      | Found a staircase to the Lair.
  9964 | D:9      | Reached *** piety under Okawaru
 10020 | D:9      | Found a radiant altar of Vehumet.
 10300 | D:9      | Reached skill level 5 in Armour
 10300 | D:9      | Reached skill level 5 in Shields
 10375 | D:9      | Noticed a centaur warrior
 10388 | D:9      | Killed a centaur warrior
 10633 | D:9      | Found Zagoppa's Distillery.
 10846 | D:9      | Reached skill level 5 in Maces & Flails
 11042 | D:9      | Reached **** piety under Okawaru
 11291 | D:10     | Entered Level 10 of the Dungeon
 11468 | D:10     | Noticed Joseph
 12321 | D:10     | Found a white marble altar of Elyvilon.
 12476 | D:10     | Noticed Erica
 12485 | D:10     | Killed Erica
 12972 | D:10     | Reached XP level 11. HP: 60/117 MP: 7/10
 13330 | D:10     | Found an ornate altar of the Wu Jian Council.
 13330 | D:10     | Noticed Nergalle
 13353 | D:10     | Killed Nergalle
 13354 | D:10     | Reached skill level 5 in Dodging
 13611 | Lair:1   | Entered Level 1 of the Lair of Beasts
 13817 | Lair:1   | Reached ***** piety under Okawaru
 14089 | Lair:1   | Noticed Gastronok
 14108 | Lair:1   | Killed Gastronok
 14444 | Lair:1   | Received a gift from Okawaru
 15348 | Lair:2   | Found a hole to the Spider Nest.
 15364 | Lair:2   | Noticed a boulder beetle
 15393 | Lair:2   | Killed a boulder beetle
 16556 | Lair:2   | Found the +15 Maxwell's patent armour {-Cast -Tele rElec
                  | Will+ rCorr}
 16689 | Lair:2   | Reached XP level 12. HP: 125/125 MP: 11/11
 16943 | Lair:3   | Noticed a five-headed hydra
 17456 | Lair:2   | Killed a five-headed hydra
 17632 | Lair:3   | Noticed a five-headed hydra
 17642 | Lair:3   | Killed a five-headed hydra
 17847 | Lair:3   | Noticed a six-headed hydra
 17856 | Lair:3   | Killed a six-headed hydra
 17856 | Lair:3   | Identified the +7 demon whip of Wariness {pain, rC+}
                  | (Okawaru gifted it to you on level 3 of the Lair of Beasts)
 17856 | Lair:3   | Received a gift from Okawaru
 17857 | Lair:3   | Reached skill level 10 in Armour
 17899 | Lair:3   | Reached skill level 10 in Shields
 18257 | Lair:4   | Reached skill level 1 in Invocations
 18305 | Lair:4   | Reached skill level 10 in Maces & Flails
 18449 | Lair:4   | Found a staircase to the Shoals.
 18457 | Lair:4   | Identified the +1 ring mail of Serendipity {Int+4} (Okawaru
                  | gifted it to you on level 4 of the Lair of Beasts)
 18457 | Lair:4   | Received a gift from Okawaru
 18617 | Lair:4   | Noticed a death yak
 18617 | Lair:4   | Noticed a death yak
 18619 | Lair:4   | Noticed a death yak
 18620 | Lair:4   | Noticed a death yak
 18620 | Lair:4   | Noticed a death yak
 18620 | Lair:4   | Noticed a death yak
 18630 | Lair:4   | Killed a death yak
 18636 | Lair:4   | Killed a death yak
 18653 | Lair:4   | Killed a death yak
 18657 | Lair:4   | Killed a death yak
 18658 | Lair:4   | Reached XP level 13. HP: 69/132 MP: 11/14
 19631 | Lair:5   | Received a gift from Okawaru
 19687 | Lair:5   | Reached skill level 10 in Dodging
 20358 | Lair:5   | Found a runed translucent gate.
 20358 | Lair:5   | Found a runed translucent gate.
 20359 | Lair:5   | Found a runed translucent gate.
 20728 | Lair:4   | Reached skill level 5 in Invocations
 20982 | Lair:5   | Reached ****** piety under Okawaru
 21255 | Lair:5   | Received a gift from Okawaru
 21560 | Lair:5   | Noticed Athor's ghost (journeyman DDFi)
 21661 | Lair:5   | Reached XP level 14. HP: 140/140 MP: 14/17
 21679 | Lair:5   | Killed Athor's ghost
 21795 | Lair:5   | Got the ring "Goclem Pesecw" {Fire Str+2}
 21960 | Lair:6   | Entered Level 6 of the Lair of Beasts
 22518 | Lair:6   | Found a large runed translucent door.
 22518 | Lair:6   | Found a large runed translucent door.
 22881 | Lair:6   | Found a staircase to the Slime Pits.
 23792 | D:10     | Killed Joseph
 23848 | D:11     | Paralysed by a floating eye for 4 turns
 23854 | D:11     | Paralysed by a floating eye for 3 turns
 23874 | D:11     | Paralysed by a floating eye for 4 turns
 23887 | D:11     | Found a frozen archway.
 23895 | IceCv    | Entered an ice cave
 24206 | IceCv    | Identified the +11 demon trident of the Open Hand {flame,
                  | rElec rF++ Str-4 Int+2} (Okawaru gifted it to you in an ice
                  | cave)
 24206 | IceCv    | Received a gift from Okawaru
 24333 | IceCv    | Noticed a reaper
 24360 | IceCv    | Killed a reaper
 25223 | D:11     | Paralysed by a floating eye for 3 turns
 25227 | D:11     | Paralysed by a floating eye for 2 turns
 25231 | D:11     | Paralysed by a floating eye for 4 turns
 25240 | D:11     | Paralysed by a floating eye for 3 turns
 25245 | D:11     | Paralysed by a floating eye for 4 turns
 25255 | D:11     | Paralysed by a floating eye for 2 turns
 25966 | D:12     | Noticed Snorg
 25982 | D:12     | Killed Snorg
 26285 | D:12     | Found a staircase to the Orcish Mines.
 27656 | D:14     | Found an ancient bone altar of Kikubaaqudgha.
 27664 | D:14     | Noticed Roxanne
 27789 | D:14     | Received a gift from Okawaru
 27800 | D:14     | Reached XP level 15. HP: 141/149 MP: 19/19
 27829 | D:14     | Reached skill level 18 in Fighting
 27909 | D:14     | Found a gate to the Vaults.
 28373 | D:15     | Entered Level 15 of the Dungeon
 28410 | D:15     | Found a staircase to the Depths.
 28410 | D:15     | Noticed a fire giant
 28482 | D:15     | Killed a fire giant
 28621 | D:15     | Reached skill level 15 in Maces & Flails
 28735 | D:15     | Noticed Agnes
 28751 | D:15     | Killed Agnes
 29301 | D:15     | Found a sacrificial altar of Ru.
 29833 | Spider:1 | Entered Level 1 of the Spider Nest
 30053 | Spider:1 | Reached skill level 19 in Fighting
 30236 | Spider:1 | Received a gift from Okawaru
 30386 | Spider:1 | Killed a ghost moth
 30626 | Spider:1 | Acquired the +3 buckler of Wisdom {Dex+4}
 30798 | Spider:2 | Received a gift from Okawaru
 30951 | Spider:2 | Reached skill level 20 in Fighting
 31067 | Spider:2 | Identified the +2 ring mail "Wyckug" {+Blink rPois Will++
                  | Str-3}
 31180 | Spider:2 | Reached XP level 16. HP: 162/162 MP: 20/20
 31324 | Spider:2 | Identified the +9 quick blade of Zenoh {spect, rElec
                  | Stlth+} (Okawaru gifted it to you on level 2 of the Spider
                  | Nest)
 31324 | Spider:2 | Received a gift from Okawaru
 32068 | Spider:3 | Received a gift from Okawaru
 32220 | Spider:3 | Received a gift from Okawaru
 32225 | Spider:3 | Noticed Kirke
 32246 | Spider:3 | Killed Kirke
 32932 | Spider:4 | Entered Level 4 of the Spider Nest
 32999 | Spider:4 | Reached skill level 21 in Fighting
 34414 | Spider:4 | Received a gift from Okawaru
 34815 | Spider:4 | Reached skill level 22 in Fighting
 34841 | Spider:4 | Reached XP level 17. HP: 22/176 MP: 0/21
 35600 | Spider:4 | Got a gossamer rune of Zot
 35909 | Orc:1    | Entered Level 1 of the Orcish Mines
 35943 | Orc:1    | Found Xedghaf's Armour Emporium.
 36684 | Orc:2    | Entered Level 2 of the Orcish Mines
 36723 | Orc:2    | Noticed Saint Roka
 36774 | Orc:2    | Killed Saint Roka
 37016 | Orc:2    | Noticed mcbry74's ghost (journeyman TrMo)
 37020 | Orc:2    | Found a transporter.
 37029 | Orc:2    | Found a transporter.
 37113 | Orc:2    | Found a staircase to the Elven Halls.
 37198 | Orc:2    | Found Tibbew's Armour Shoppe.
 37204 | Orc:2    | Found Fematode's Jewellery Boutique.
 37216 | Orc:2    | Paralysed by an orc sorcerer for 2 turns
 37293 | Orc:2    | Identified the +7 plate armour of Submission {rElec rN+}
                  | (Okawaru gifted it to you on level 2 of the Orcish Mines)
 37293 | Orc:2    | Received a gift from Okawaru
 37299 | Orc:2    | HP: 7/178 [orc priest/divine providence (10)]
 37720 | Orc:2    | Bought the ring of Vedel {rElec rCorr Dex+3 SInv} for 578
                  | gold pieces
 37722 | Orc:2    | Found Mily's Antique Weapon Boutique.
 37724 | Orc:2    | Found Qeocrule's Assorted Antiques.
 37733 | Orc:2    | Bought a vibrating iron ring for 150 gold pieces
 37733 | Orc:2    | Identified the ring of Fixt {rPois rCorr EV+4 Dex+2} (You
                  | bought it in a shop on level 2 of the Orcish Mines)
 37846 | Orc:2    | Killed mcbry74's ghost
 38161 | Shoals:1 | Entered Level 1 of the Shoals
 38804 | Shoals:1 | Reached skill level 23 in Fighting
 40232 | Shoals:2 | Noticed Polyphemus
 40329 | Shoals:2 | Killed Polyphemus
 41903 | Shoals:4 | Entered Level 4 of the Shoals
 41988 | Shoals:4 | Noticed Nikola
 42008 | Shoals:4 | Killed Nikola
 42009 | Shoals:4 | Reached XP level 18. HP: 54/190 MP: 15/22
 42020 | Shoals:4 | HP: 9/190 [merfolk (2)]
 42020 | Shoals:4 | Slain by a merfolk impaler

Illustrated notes

Levels and vault maps discovered:
D:1:      onia_arrival_pentagram, layout_basic,
          hellmonk_ecumenical_altar_lost_god
D:2:      minmay_alternating_diamond, layout_basic
D:3:      layout_rooms, serial_shops, nicolae_shop_hallway_plus,
          serial_bayou_pond_c
D:4:      layout_loops_ring, mainiacjoe_overflow_paths
D:5:      layout_basic, lemuel_doored_altar
D:6:      layout_basic, minitemple, minivault_24, chequers_jeans, nrook_uturn,
          nicolae_sextant
D:7:      kennysheep_seaside_town, layout_basic, minmay_temple_entry_wispy,
          minmay_checkerbox
D:8:      layout_basic, nicolae_yredelemnul_corpse_copse,
          erik_lair_orcish_takeover, uniq_grum
D:9:      layout_roguey, nicolae_overflow_crystal_walls, serial_shops,
          nicolae_shop_hallway_stairs, hex_medium
D:10:     layout_roguey, mainiacjoe_overflow_tiny_flanked, elyvilon_altar_3,
          special_room [special_room_orc], uniq_erica, uniq_joseph,
          uniq_nergalle
D:11:     layout_roguey, portal_ice_cave_entry_pillars_2, disabler_island
D:12:     layout_basic, hiddenorc2_lemuel, hellmonk_bongcloud_opening,
          uniq_snorg
D:13:     layout_roguey [special_room_orc], gauntlet_entry_generic,
          nicolae_concentric_dashed_squares_mild
D:14:     layout_roguey, grunt_vaults_entry_tiered, kiku_gazebo_pond_becter,
          uniq_roxanne
D:15:     grunt_enter_depths_giant_problem, layout_basic,
          nicolae_ru_path_of_blood, uniq_agnes
Temple:   jpeg_temple_island
Lair:1:   layout_long_grid, uniq_gastronok
Lair:2:   layout_gridlike, spider_nest_entry_webs, dreamdust_deal_with_the_devil
Lair:3:   layout_misc_corridors, serial_bayou_shore_b
Lair:4:   layout_regular_city, minmay_shoals_entry_beasts
Lair:5:   layout_roguey [special_room_mythical_zoo], gammafunk_ghost_icy,
          beast_lair_carwin_11, infiniplex_staircase_pool
Lair:6:   cheibrodos_lair_end_hotspot, layout_regular_city,
          minmay_slime_entry_jelly_boxes, eino_small_chamber_without_monster
Shoals:1: layout_shoals
Shoals:2: layout_shoals, nicolae_shoals_spring_well_temple, uniq_polyphemus
Shoals:3: layout_shoals
Shoals:4: shoals_end_hangedman, layout_shoals, nicolae_specific_store,
          uniq_nikola, uniq_mara
Spider:1: layout_spider_delve
Spider:2: layout_spider_delve
Spider:3: layout_spider_delve, uniq_kirke
Spider:4: spider_rune_water, nicolae_spider_eight_legs
Orc:1:    layout_diamond_mine, serial_shops, shop, nicolae_orc_crystal_geode
Orc:2:    st_orc_elflike, layout_diamond_mine, gammafunk_ghost_arena,
          uniq_saint_roka

Skill      XL: |  1  2  3  4  5  6  7  8  9 10 11 12 13 14 15 16 17 |
---------------+----------------------------------------------------+-----
Fighting       | 4 5 6 7 8 9 11 14 17 20 22 23 | 23.8
Dodging        | 4 7 9 10 11 | 11.5
Armour         | 6 9 10 12 13 | 13.1
Maces & Flails | 5 8 10 11 14 16 19 21 | 21.4
Shields        | 6 8 10 12 13 | 13.0
Invocations    | 3 5 7 |  7.1

Action                   |  1- 3 |  4- 6 |  7- 9 | 10-12 | 13-15 | 16-18 || total
-------------------------+-------+-------+-------+-------+-------+-------++-------
Melee: Flail             |    81 |       |       |   457 |       |       ||   538
       Headbutt          |    15 |    21 |    86 |   173 |   497 |   512 ||  1304
       Whip              |    26 |    83 |   341 |    10 |       |       ||   460
       Demon whip        |       |       |       |   102 |  1416 |  1459 ||  2977
Invok: Heroism           |       |       |     3 |    11 |    15 |    14 ||    43
       Finesse           |       |       |       |       |     3 |     5 ||     8
  Use: Scroll            |     4 |     5 |     7 |     7 |     9 |     1 ||    33
       Potion            |       |       |     3 |     1 |     7 |    13 ||    24
 Stab: Distracted        |       |       |     1 |       |       |       ||     1
       Sleeping          |       |       |     1 |       |       |       ||     1
       Invisible         |       |       |       |       |     5 |       ||     5
Armor: Scale mail        |    53 |    39 |    60 |       |       |       ||   152
       Plate armour      |       |       |    48 |   201 |   651 |   669 ||  1569
       Robe              |       |       |    65 |    61 |       |       ||   126
       Chain mail        |       |       |       |   134 |       |       ||   134
Dodge: Dodged            |    40 |    30 |   168 |   330 |   469 |   685 ||  1722
Block: Buckler           |    18 |     8 |    82 |   203 |   130 |   718 ||  1159
       Tower shield      |       |       |       |       |   914 |       ||   914

Table legend: (Time is in decaauts)
 A = Elapsed time spent in this place.
 B = Non-inter-level travel time spent in this place.
 C = Inter-level travel time spent in this place.
 D = Time resting spent in this place.
 E = Time spent auto-exploring this place.
 F = Levels seen in this place.
 G = Mean time per level.
                   A        B        C        D        E       F      G
               +--------+--------+--------+--------+--------+-----+--------+
         Total |  41076 |  38864 |   2212 |   7961 |  24350 |  33 | 1244.7 |
       Dungeon |  19043 |  17674 |   1369 |   3624 |  11250 |  15 | 1269.5 |
        Temple |    157 |    115 |     42 |      0 |    113 |   1 |  157.0 |
          Lair |   9828 |   9346 |    482 |   1964 |   6129 |   6 | 1638.0 |
        Shoals |   3728 |   3662 |     66 |    716 |   2251 |   4 |  932.0 |
   Spider Nest |   5508 |   5366 |    142 |   1259 |   3011 |   4 | 1377.0 |
  Orcish Mines |   1940 |   1830 |    110 |    398 |   1058 |   2 |  970.0 |
      Ice Cave |    870 |    870 |      0 |      0 |    536 |   1 |  870.0 |
               +--------+--------+--------+--------+--------+-----+--------+

Top non-repeatable levels by time:
  Lair:2: 2650 daAuts
     D:8: 2618 daAuts
Spider:4: 2200 daAuts
     D:7: 2190 daAuts
     D:9: 2130 daAuts
  Lair:4: 1940 daAuts
  Lair:5: 1784 daAuts
Shoals:2: 1753 daAuts
    D:10: 1711 daAuts
Spider:3: 1530 daAuts
  Lair:1: 1433 daAuts
    D:12: 1404 daAuts
  Lair:6: 1367 daAuts
     D:6: 1328 daAuts
    D:15: 1283 daAuts
